Map: Overgrowth LE (Void)

Players

Nice

  • Race: Protoss Protoss
  • League: Master
  • Spawn Location: 7:00

HeroMarine - Winner!

  • Race: Terran Terran
  • Spawn Location: 1:00

Event: NationWars IV

VOD

Have the link to the VOD?

Description

Time

  • Played on: Jan. 3, 2017, 2:32 p.m.
  • Length: 13:02
Show
View Real Time Build Order
Export as new Build Order

Nice Protoss 

Build Orders: 1 Gate Expand, Mass Adepts 

Get SALT Encoding   

  12  0:01  Probe (Chrono Boost)  
  13  0:11  Probe (Chrono Boost)  
  14  0:17  Pylon  
  14  0:22  Probe (Chrono Boost)  
  16  0:35  Probe (Chrono Boost)  
  16  0:36  Gateway  
  16  0:46  Probe (Chrono Boost)  
  16  0:47  Assimilator  
  17  0:56  Probe (Chrono Boost)  
  18  1:07  Probe (Chrono Boost)  
  19  1:17  Probe (Chrono Boost)  
  20  1:25  Nexus  
  20  1:32  Cybernetics Core  
  20  1:34  Probe (Chrono Boost)  
  21  1:42  Assimilator  
  21  1:45  Assimilator  
  21  1:50  Pylon  
  20  1:55  Probe (Chrono Boost)  
  21  2:05  Adept  
  21  2:06  Probe (Chrono Boost)  
  22  2:11  Warp Gate  
  24  2:18  Probe (Chrono Boost)  
  25  2:22  Twilight Council  
  25  2:29  Adept  
  26  2:31  Probe (Chrono Boost)  
  28  2:38  Probe (Chrono Boost)  
  28  2:43  Probe (Chrono Boost)  
  30  2:48  Probe (Chrono Boost)  
  31  2:55  Probe (Chrono Boost), Resonating Glaives  
  31  2:57  Robotics Facility  
  32  2:59  Probe (Chrono Boost)  
  34  3:07  Probe (Chrono Boost)  
  34  3:14  Probe (Chrono Boost)  
  34  3:17  Adept  
  34  3:19  Probe (Chrono Boost)  
  38  3:28  Gateway  
  38  3:29  Gateway  
  38  3:33  Mothership Core (Chrono Boost)  
  40  3:38  Gateway  
  40  3:45  Warp Prism, Pylon  
  41  3:54  Probe (Chrono Boost)  
  44  3:56  Probe (Chrono Boost)  
  44  3:59  Pylon  
  44  4:06  Probe (Chrono Boost)  
  44  4:08  Probe (Chrono Boost)  
  46  4:14  Adept  
  48  4:18  Pylon  
  48  4:21  Probe x2 (Chrono Boost)  
  50  4:28  Adept x2  
  54  4:37  Dark Shrine  
  54  4:38  Probe (Chrono Boost), Assimilator  
  54  4:39  Adept x2  
  58  4:48  Adept x2  
  58  4:50  Observer  
  61  5:03  Probe x2 (Chrono Boost)  
  61  5:05  Adept x2  
  67  5:07  Adept  
  70  5:15  Probe (Chrono Boost)  
  70  5:17  Probe (Chrono Boost)  
  69  5:25  Pylon  
  68  5:29  Probe (Chrono Boost)  
  68  5:32  Adept x3  
  65  5:43  Probe (Chrono Boost)  
  65  5:45  Adept  
  59  5:53  Nexus, Probe (Chrono Boost)  
  59  5:54  Warp Prism  
  59  5:55  Probe (Chrono Boost)  
  61  5:59  Blink  
  56  6:04  Adept x3  
  56  6:05  Probe (Chrono Boost)  
  56  6:07  Probe (Chrono Boost)  
  63  6:18  Probe (Chrono Boost)  
  64  6:25  Stalker x4  
  72  6:33  Pylon  
  69  6:56  Stalker x4  
  78  7:03  Probe x2 (Chrono Boost)  
  78  7:07  Gateway  
  78  7:08  Gateway  
  79  7:15  Probe (Chrono Boost)  
  80  7:21  Stalker x4  
  88  7:24  Probe (Chrono Boost)  
  88  7:26  Probe (Chrono Boost)  
  88  7:27  Probe (Chrono Boost)  
  91  7:36  Gateway  
  92  7:38  Probe (Chrono Boost), Gateway  
  92  7:43  Pylon  
  92  7:44  Pylon  
  92  7:46  Adept x2  
  92  7:49  Adept  
  98  7:52  Adept  
  98  7:55  Pylon  
  100  7:58  Observer  
  99  8:24  Adept x6  
  101  8:37  Adept x2  
  101  8:40  Gateway  
  105  8:41  Gateway  
  105  8:44  Adept x2  
  105  8:45  Adept x4  
  113  9:09  Stalker  
  115  9:10  Stalker x5  
  115  9:15  Pylon  
  125  9:18  Pylon  
  125  9:19  Pylon  
  125  9:21  Pylon  
  125  9:23  Pylon  
  123  9:24  Pylon  
  123  9:29  Dark Templar  
  123  9:38  Adept x3  
  123  9:39  Adept x5  
  125  10:04  Pylon  
  125  10:05  Adept x2  
  125  10:06  Adept x5, Pylon  
  139  10:12  Mothership Core (Chrono Boost)  
  112  10:33  Adept x3  
  108  10:37  Adept x4  
  108  10:38  Adept x3  
  90  11:03  Adept x4  
  90  11:04  Adept x5  
  74  11:19  Dark Templar  
  68  11:33  Adept x5  
  75  11:42  Adept x3  
  60  12:15  Adept x3  
  44  12:16  Adept  
  44  12:33  Dark Templar  
  36  12:52  Adept  
Show
View Real Time Build Order
Export as new Build Order

HeroMarine Terran - Winner!

Build Orders: MMM Bio 

Get SALT Encoding   

  12  0:00  SCV  
  13  0:13  SCV  
  14  0:18  Supply Depot  
  14  0:25  SCV  
  15  0:39  SCV  
  15  0:41  Barracks  
  15  0:42  Refinery  
  16  0:51  SCV  
  17  1:03  SCV  
  18  1:15  SCV  
  19  1:28  Orbital Command, Marine  
  20  1:41  Command Center  
  20  1:50  Barracks Reactor  
  20  1:56  SCV  
  20  2:00  Supply Depot  
  22  2:08  SCV  
  22  2:11  Factory  
  22  2:20  SCV  
  23  2:26  Marine x2  
  25  2:32  SCV  
  26  2:44  Marine x2, SCV  
  29  2:54  Orbital Command  
  29  2:55  Widow Mine  
  29  2:56  Starport, SCV  
  32  3:01  Marine x2  
  34  3:08  Refinery  
  34  3:09  SCV  
  34  3:19  Marine x2  
  36  3:20  Supply Depot, SCV  
  36  3:22  SCV  
  36  3:24  Widow Mine  
  40  3:32  SCV  
  41  3:34  Medivac, SCV  
  41  3:37  Marine  
  41  3:38  Marine  
  46  3:44  SCV  
  46  3:45  Supply Depot  
  46  3:46  SCV  
  48  3:53  Barracks  
  48  3:55  Marine, Factory Tech Lab  
  48  3:56  Marine  
  48  3:57  SCV  
  48  3:58  SCV  
  52  4:09  SCV  
  53  4:10  SCV  
  53  4:12  Engineering Bay  
  53  4:13  Marine x2  
  53  4:15  Supply Depot  
  56  4:18  Siege Tank  
  56  4:22  Bunker  
  56  4:24  SCV  
  60  4:26  SCV  
  60  4:29  Liberator  
  61  4:31  Marine  
  61  4:37  Marine  
  63  4:40  Supply Depot  
  62  4:45  Marine  
  62  4:49  Marine  
  62  4:51  SCV x2  
  69  4:54  Marine  
  69  5:01  Siege Tank  
  69  5:03  Marine, Supply Depot, SCV  
  74  5:07  Marine  
  74  5:10  Supply Depot  
  74  5:12  Marine  
  74  5:13  Missile Turret  
  76  5:17  Missile Turret  
  76  5:18  SCV x2  
  76  5:21  Marine  
  76  5:25  Marine  
  64  5:30  Marine, SCV x2  
  62  5:39  Marine  
  62  5:40  Siege Tank  
  62  5:42  Marine, SCV x2  
  66  5:46  Missile Turret  
  66  5:48  Marine  
  66  5:49  Liberator  
  63  5:55  Supply Depot x2, SCV  
  64  5:57  SCV  
  64  6:00  Marine  
  63  6:04  Barracks Tech Lab  
  63  6:06  Marine  
  63  6:10  SCV x2  
  69  6:12  Supply Depot  
  69  6:14  Siege Tank  
  69  6:18  Marine, Refinery  
  73  6:27  Barracks  
  73  6:28  Marine x2  
  73  6:29  Stimpack  
  73  6:31  SCV  
  73  6:32  SCV  
  77  6:33  Refinery  
  77  6:35  Supply Depot  
  77  6:37  Marine  
  78  6:43  SCV  
  78  6:44  SCV  
  78  6:46  Marine x2  
  82  6:50  Starport Reactor  
  82  6:55  Factory Reactor, Marine  
  82  6:56  SCV x2  
  82  7:01  Terran Infantry Weapons Level 1  
  82  7:02  Command Center  
  82  7:04  Marine x2  
  84  7:13  Marine  
  85  7:19  Supply Depot  
  85  7:22  Marine  
  88  7:23  Marauder  
  88  7:25  Supply Depot  
  88  7:29  Barracks x2, Medivac x2  
  92  7:30  Marine  
  92  7:31  Combat Shields  
  92  7:35  Marine  
  94  7:38  Widow Mine  
  94  7:40  Marine, Widow Mine  
  100  7:44  Liberator  
  100  7:48  Marine  
  101  7:54  Marauder  
  101  7:55  Marauder  
  104  7:59  SCV x2  
  104  8:05  Marine  
  110  8:06  Marine  
  110  8:07  Widow Mine  
  110  8:09  Widow Mine  
  115  8:14  SCV  
  115  8:15  Marauder, SCV  
  115  8:16  Marauder  
  117  8:26  Marine x2, SCV  
  118  8:29  Orbital Command  
  112  8:36  Marauder  
  112  8:38  Marauder  
  116  8:42  Widow Mine x2  
  116  8:44  Marine x2  
  116  8:45  Barracks Reactor  
  116  8:46  Medivac  
  116  8:47  Medivac  
  125  8:48  SCV  
  125  8:49  SCV  
  125  8:51  Supply Depot  
  125  8:55  Marine  
  124  8:58  Marauder  
  124  8:59  Marauder  
  124  9:02  Marine  
  126  9:03  Marine  
  127  9:13  Widow Mine x2  
  127  9:16  Barracks Tech Lab  
  131  9:19  Marauder  
  131  9:20  Marauder, Marine  
  131  9:21  Marine  
  137  9:27  Marine x2  
  138  9:32  Medivac x2  
  138  9:37  Marine  
  142  9:38  Marine  
  142  9:41  Marauder  
  142  9:42  Marauder, Widow Mine x2  
  144  9:46  Marauder, Marine x2  
  144  9:52  SCV x2  
  128  10:01  Marine x2  
  128  10:02  Marauder  
  132  10:10  Widow Mine  
  132  10:11  Widow Mine  
  132  10:12  Marine  
  132  10:13  Marauder x2, Orbital Command  
  138  10:17  Marine  
  138  10:19  Marine  
  138  10:20  Marine  
  137  10:23  Marine  
  116  10:30  Marine  
  116  10:34  Marauder x2, Marine  
  113  10:37  Marine  
  113  10:38  Marine  
  113  10:39  Widow Mine x2  
  113  10:41  Marauder  
  109  10:48  Marine  
  98  10:52  Marine  
  98  10:54  Marine  
  98  10:55  Marauder, Marine  
  98  10:56  Marine  
  96  11:03  Marauder  
  92  11:04  Medivac  
  92  11:06  Marine  
  92  11:08  Medivac  
  92  11:10  Marine  
  88  11:12  Marine  
  88  11:13  Marauder  
  88  11:14  Marine  
  88  11:17  Marauder  
  80  11:27  Marine x2  
  80  11:32  Marine  
  71  11:37  Marine x2  
  69  11:42  Marauder  
  69  11:48  Marine x2  
  63  11:59  Marine  
  63  12:00  Marine  
  58  12:04  Marine x2  
  57  12:12  Marine x2  
  57  12:14  Marine  
  59  12:20  Marine  
  59  12:21  Orbital Command, Marine  
  61  12:30  Marine  
  61  12:37  Marine  
Tags
 
Add a new tag
Caveats
  • Supply blocks, unpowered buildings, or Contaminate may cause inaccurate times.
  • Supply counts are checked every 10 seconds.